Mr T, lawful female human Samurai ----- --- ---- ---- ------ ---- --...---.--- |..| |..-- |....-- --..----..........-- |..-- |...| |(>...-- |..................| ----- --..| ------ --..-----|......| |..............----- --.|.---|..| |....-------...|.--.....-- ---.|.---.^...-- |......--.*--|......................-- ----- |.....| --..........||.|..---------.......--- ----..--- |...........-|.|.-- |......-| --...|-- ---............|.|*| ---.....-- ------------^d|.----........---..-|.|.| |......-- ............@:..................---...| --.|....| --.--------..h........--.--.----|....--- ----..-- |...-- |............|--|...-- |......| ---- |....-----...........----....---.----.--- |.............................%..|---...------- ---- --......-------........----..------|..--..|.|..-----..-- |........| -.......-- ---- |..*..........|.....| |....--..| ..|....--- --......%......|...<| -..-- -- .----.-- --.------.--.---.--- --- --- --- ------ --- Mr T the Kunoichi Experience level: 9 Strength: 18 Dexterity: 16 Constitution: 18 Intelligence: 9 Wisdom: 10 Charisma: 6 Health: 0(94) Energy: 28(32) Def: 10 Gold: 0 Moves: 9680 Dungeon seed: iHH83L4zdRY29Ofa Game ID: Mr T_1568077963 Your Inventory: Weapons a - an uncursed corroded +0 katana (weapon in hand) c - an uncursed +0 yumi (alternate weapon; not wielded) d - 8 uncursed +0 ya (in quiver) i - 3 uncursed +0 daggers o - 55 uncursed +0 darts p - a blessed +1 dart u - 93 uncursed +0 arrows x - a blessed +0 dart Armor e - a blessed rustproof +0 splint mail (being worn) n - an uncursed +0 dwarvish iron helm (being worn) q - an uncursed +0 pair of low boots (being worn) r - an uncursed +0 dwarvish cloak N - an uncursed +0 elven cloak (being worn) Comestibles h - an uncursed gunyoki j - an uncursed melon P - an uncursed lichen corpse Rings Y - an uncursed ring of slow digestion (on left hand) Wands b - an uncursed wand of sleep (0:7) k - an uncursed wand of fire (0:7) G - an uncursed wand of lightning (0:8) T - an uncursed wand of secret door detection (0:14) Tools g - an uncursed +0 unicorn horn l - a cursed oil lamp (lit) (0:217) m - 4 blessed wax candles (0:400) s - 2 uncursed tallow candles (0:200) w - an uncursed magic whistle X - an uncursed oil lamp (0:1475) Z - an uncursed magic whistle Gems t - an uncursed worthless piece of yellowish brown glass y - an uncursed worthless piece of black glass z - an uncursed worthless piece of green glass Spells and supernatural/magical abilities: Name Level Category Fail Memory W - pray for help -- divine ? -- Your skills at the end: Fighting Skills martial arts [Basic] Weapon Skills short sword [Basic] long sword [Expert] bow [Basic] Spellcasting Skills Final Attributes: You were piously aligned. You had wounded legs. You were telepathic. You were stealthy. You had slower digestion. You were fast. You are dead. Vanquished creatures: 2 giant mimics a large mimic a giant beetle a quivering blob a winter wolf cub 47 leprechauns an iron piercer a giant spider a gnome king an orc mummy an owlbear 2 Green-elves 3 lizards 2 dingos a jaguar a blue jelly a black unicorn 2 dust vortices a plains centaur a gnome mummy 2 apes 4 human zombies 3 Woodland-elves 2 fire ants a bugbear a wood nymph 4 Mordor orcs an orc shaman 2 rock piercers 3 ponies 2 fog clouds a yellow light 6 gnome lords 5 gnomish wizards a golden naga hatchling 2 elf zombies a ghoul 4 paper golems a baby crocodile a giant ant a little dog 7 floating eyes a kitten 5 dwarves a kobold lord a kobold shaman 6 hill orcs 6 rothes a rabid rat 2 centipedes 3 monkeys 4 iguanas 3 killer bees an acid blob a coyote 2 gas spores a hobbit 2 large kobolds a hobgoblin 4 giant rats 3 cave spiders a green mold a red mold 24 gnomes 8 garter snakes 3 geckos 13 jackals 9 foxes 7 kobolds 5 goblins 10 sewer rats 7 grid bugs a bat 12 lichens a kobold zombie 7 newts 284 creatures vanquished. Voluntary challenges: You had been an atheist until turn 2819. You used a wielded weapon 503 times, starting on turn 12. You read items or engraved 2 times, starting on turn 8375. You never genocided any monsters. You never polymorphed an object. You never changed form. You used no wishes. You never split a pudding. You never wrote Elbereth's name. You violated your moral code, losing 14 points of alignment, starting on turn 8715. Dungeon overview: The Dungeons of Doom: levels 1 to 7 Level 1 a fountain a long staircase Level 2 a weapon shop, a fountain Level 3 stairs to The Gnomish Mines Level 4 a general store, a sink Level 5 many fountains Level 6 stairs to Sokoban Level 7 The Gnomish Mines: levels 4 to 7 Level 4 stairs to The Dungeons of Doom Level 5 Level 6 <- You were here Level 7 Sokoban: levels 2 to 5 Level 2 Level 3 Level 4 Level 5 stairs to The Dungeons of Doom History has recorded: On T:1 you entered the Dungeons of Doom to retrieve the Amulet of Yendor! On T:111 you reached level 2 of The Dungeons of Doom. On T:338 you reached level 3 of The Dungeons of Doom. On T:609 you advanced to experience level 2. On T:655 you reached level 4 of The Dungeons of Doom. On T:699 you reached level 1 of The Gnomish Mines. On T:732 you advanced to experience level 3. On T:917 you reached level 5 of The Dungeons of Doom. On T:1296 you reached level 6 of The Dungeons of Doom. On T:1434 you reached level 7 of The Dungeons of Doom. On T:1467 you advanced to experience level 4. On T:1516 you reached level 4 of Sokoban. On T:1888 you reached level 3 of Sokoban. On T:2576 you advanced to experience level 5. On T:2865 you reached level 2 of Sokoban. On T:3402 you reached level 1 of Sokoban. On T:3444 you advanced to experience level 6. On T:4589 you advanced to experience level 7. On T:5105 you advanced to experience level 8. On T:6497 you advanced to experience level 9. On T:8822 you reached level 2 of The Gnomish Mines. On T:9320 you reached level 3 of The Gnomish Mines. On T:9337 you reached level 4 of The Gnomish Mines. Score breakdown: Gold: 0 ( 0 points) Experience: 9 levels (15756 points) Exploration: 7 levels ( 14.58%) (10718 points) Discoveries: 11 items ( 4.47%) ( 6343 points) Valuables value: (no points given unless you survive) Artifact value: 0 ( 0 points) Variety of kills: 76 monsters ( 19.95%) (13398 points) Turncount: 9680 turns (-2330 points) Survival: died (score multiplied by 80%) Total score: 35108 Latest messages: Nothing happens. You feel your magical energy drain away! KAABLAMM!!! You triggered a land mine! Your movements are slowed slightly because of your load. You fall into a pit! You are still in a pit. You stop running. You are still in a pit. The crocodile bites! The crocodile hits! You are still in a pit. The crocodile bites! The crocodile hits! You crawl to the edge of the pit. The crocodile bites! The crocodile hits! The crocodile bites! The crocodile misses. You hit the crocodile! The crocodile bites! The crocodile hits! You die... Final status: Sayonara Mr T the Samurai, killed by a crocodile... You died in The Gnomish Mines on dungeon level 6 with 35108 points, and 0 pieces of gold, after 9680 moves. You were level 9 with a maximum of 94 hit points when you died.